 Dungeon Crawl Stone Soup version 0.20-a0-1117-g62da73f (webtiles) character file.

2734 FastMan the Cleaver (level 9, 55/86 HPs)
             Began as a Deep Dwarf Fighter on May 9, 2017.
             Got out of the dungeon alive.
             The game lasted 00:04:37 (3529 turns).

FastMan the Cleaver (Deep Dwarf Fighter)            Turns: 3529, Time: 00:04:37

Health: 55/86      AC: 10    Str: 26    XL:     9   Next: 40%
Magic:  5/5        EV:  8    Int:  9    God:
Gold:   344        SH:  0    Dex: 12    Spells: 8/8 levels left

rFire    . . .     SeeInvis .   n - +3 battleaxe
rCold    . . .     Gourm    .   (shield currently unavailable)
rNeg     . . .     Faith    .   h - +0 chain mail
rPois    .         Spirit   .   u - +0 helmet
rElec    .         Reflect  .   (no cloak)
rCorr    .         Harm     .   (no gloves)
MR       +....                  (no boots)
Stlth    ..........             (no amulet)
Regen    0.0/turn               g - +3 ring of strength
MPRegen  0.1/turn               (no ring)

@: non-regenerating
A: damage resistance, heal wounds, sense surroundings 2, no regeneration
a: Heal Wounds


You escaped.
You were not hungry.

You visited 2 branches of the dungeon, and saw 9 of its levels.

You collected 344 gold pieces.

Inventory:

Hand Weapons
 a - a +0 war axe
 d - a +1 dire flail of venom
 n - a +3 battleaxe (weapon)
Armour
 h - a +0 chain mail (worn)
 u - a +0 helmet (worn)
 y - a +0 pair of gloves
Jewellery
 g - a +3 ring of strength (left hand)
 x - a cursed -2 ring of protection {unknown}
Scrolls
 e - 4 scrolls of teleportation {@r3}
 l - 3 scrolls of remove curse {@r2}
 m - a scroll of enchant armour
 p - a scroll of magic mapping
 q - a scroll of blinking {@r4}
Potions
 b - a potion of berserk rage
 c - a potion of brilliance {unknown}
 i - a potion of heal wounds {@q2}
 j - 4 potions of degeneration {unknown}
 r - a potion of mutation
 s - 2 potions of lignification
 v - a potion of agility {@q5}
 z - a potion of curing {@q1}
Comestibles
 f - 3 bread rations {@e1}
 k - 2 royal jellies {@e3}
 o - 4 fruits {@e4}
 t - 4 chunks of flesh
 w - a meat ration {@e2}


   Skills:
 + Level 7.3 Fighting
 * Level 11.6 Axes
 + Level 3.3 Armour
   Level 3.2 Shields


You had 8 spell levels left.
You didn't know any spells.

Dungeon Overview and Level Annotations

Branches:
Dungeon (8/15)             Temple (1/1) D:5
   Lair: D:8-11

Altars:
Ashenzari
Cheibriados
Dithmenos
Elyvilon
Gozag
Kikubaaqudgha
Nemelex Xobeh
Okawaru
Qazlal
Sif Muna
Trog
Yredelemnul
Zin


Innate Abilities, Weirdness & Mutations

You are resistant to damage.
You can heal yourself by infusing magical energy.
You passively map the area around you.
You do not regenerate.


Message History

No target in view!
No target in view!
(D) Dungeon (T) Temple
Where to? (Enter - D:1 @ (x,y), ? - help)
You butcher the jackal corpse.
t - 4 chunks of flesh (gained 3)
You see here a jackal skeleton. x2
There is a stone staircase leading up here.
You climb upwards.
There is a stone staircase leading down here.
You see here a stone.
There is a stone staircase leading up here.
You climb upwards.
There is a stone staircase leading down here.
You enter the shallow water.
Moving in this stuff is going to be slow.
There is an open door here.
There is a staircase leading out of the dungeon here.
Are you sure you want to leave the Dungeon?
This will make you lose the game!
You have escaped!

.......#.##.##..........#
.............#########..#,
...>...#.##.####..)# ##.#
,
..######.....♣≈##.##♣♣#.#
..# #####.≈≈♣#.#♣≈≈#.# *,
..# #.≈≈≈≈≈≈≈≈≈### ..#
##≈≈♣#'#♣≈≈# , ..#
#♣≈##.##P♣# *, * .########
###@..###* , * ........#
##### * ,, ..#####.# ,, ,
, * ..#####.#### , , * ,
...........# * ,
..#...#..#.# , , ,
....#.#..#.#### ,
.........†....# *
.######.##.##.#


There were no monsters in sight!

Vanquished Creatures
  Pikel (D:7)
  Grinder (D:4)
  Menkaure (D:4)
  Edmund (D:4)
  An orc warrior (D:7)
  A sky beast (D:7)
  4 centaurs
  Blork the orc (D:4)
  A gnoll sergeant (D:5)
  3 bullfrogs
  A scorpion (D:6)
  The ghost of FastMan the Covered, a weakling DDFi (D:3)
  5 wights (D:6)
  2 howler monkeys
  An electric eel (D:6)
  A crimson imp (D:6)
  A bullfrog skeleton (D:5)
  2 orc wizards
  An orc priest (D:7)
  2 hounds
  Terence (D:2)
  3 worker ants
  A howler monkey zombie (D:7)
  4 gnolls (D:5)
  13 adders
  A shadow imp (D:6)
  3 worms
  A dart slug (D:4)
  7 leopard geckos
  15 orcs
  3 bats
  4 giant cockroaches
  14 goblins
  8 hobgoblins
  22 jackals
  3 quokkas
  A ball python (D:1)
  5 frilled lizards
  15 kobolds
  A leopard gecko zombie (D:6)
  A quokka zombie (D:6)
  6 rats
164 creatures vanquished.

Vanquished Creatures (others)
  An orc (D:7)
1 creature vanquished.

Grand Total: 165 creatures vanquished

Notes
Turn   | Place    | Note
-------+----------+-------------------------------------------
     0 | D:1      | FastMan the Deep Dwarf Fighter began the quest for the Orb.
     0 | D:1      | Reached XP level 1. HP: 20/20 MP: 1/1
   105 | D:1      | Reached XP level 2. HP: 28/28 MP: 2/2
   120 | D:1      | Reached skill level 3 in Axes
   328 | D:2      | Reached XP level 3. HP: 30/34 MP: 3/3
   423 | D:2      | Noticed Terence
   436 | D:2      | Killed Terence
   436 | D:2      | Reached skill level 4 in Axes
   436 | D:2      | Reached XP level 4. HP: 27/42 MP: 4/4
   584 | D:3      | Noticed FastMan's ghost (weakling DDFi)
   600 | D:3      | Killed FastMan's ghost
   600 | D:3      | Reached XP level 5. HP: 37/50 MP: 5/5
   641 | D:4      | Reached skill level 5 in Axes
   645 | D:4      | Noticed Edmund
   649 | D:4      | Noticed Menkaure
   664 | D:4      | Killed Edmund
   669 | D:4      | Reached XP level 6. HP: 18/57 MP: 6/6
   670 | D:4      | Killed Menkaure
   670 | D:4      | Reached skill level 6 in Axes
   770 | D:4      | Noticed Grinder
   779 | D:4      | Paralysed by Grinder for 7 turns
   793 | D:4      | Paralysed by Grinder for 2 turns
   799 | D:4      | Killed Grinder
   799 | D:4      | Reached skill level 7 in Axes
   799 | D:4      | Reached XP level 7. HP: 42/66 MP: 6/6
   842 | D:4      | Reached skill level 5 in Fighting
  1014 | D:4      | Noticed Blork the orc
  1024 | D:4      | Killed Blork the orc
  1053 | D:5      | Entered Level 5 of the Dungeon
  1063 | D:5      | Reached skill level 8 in Axes
  1069 | D:5      | Found a staircase to the Ecumenical Temple.
  1158 | Temple   | Entered the Ecumenical Temple
  1352 | D:5      | Reached XP level 8. HP: 48/75 MP: 7/7
  1643 | D:6      | Reached skill level 9 in Axes
  2085 | D:6      | Reached skill level 10 in Axes
  2147 | D:7      | Found an iron altar of Okawaru.
  2235 | D:7      | Found Mawoov's Antique Armour Boutique.
  2381 | D:7      | Gained mutation: You passively map the area around you. [Deep Dwarf growth]
  2381 | D:7      | Reached XP level 9. HP: 61/85 MP: 7/7
  2430 | D:7      | Noticed Pikel
  2435 | D:7      | Killed Pikel
  2435 | D:7      | Reached skill level 11 in Axes
  3529 | D:$      | Got out of the dungeon alive.

Vault maps used:
D:1:      sevenhm_arrival_forest_fort_small_4, minmay_box_of_dots
D:2:      cheibrodos_greedy_goblins, uniq_terence
D:3:      grunt_decor_mini_mirrors
D:4:      first_bread, vehumet_altar_wand_db, uniq_grinder, uniq_blork_the_orc,
          uniq_menkaure, uniq_edmund
D:5:      temple_doors_ab, nrook_mini_backslash, nrook_pool_corridor,
          uniq_eustachio
D:6:      minmay_goblin_kobold_castle
D:7:      serial_shops, kennysheep_mini, okawaru_ov_weapons_minmay, uniq_pikel
D:8:      nicolae_tso_swordbearing_angel, grunt_temple_overflow_open, uniq_erica
Temple:   dshaligram_water_room_temple

Skill      XL: |  1  2  3  4  5  6  7  8  9 |
---------------+----------------------------+-----
Fighting       | 3 4 5 6 7 |  7.3
Axes           | 3 4 5 7 8 10 11 | 11.6
Armour         | |  3.3
Shields        | |  3.2

Action                   |  1- 3 |  4- 6 |  7- 9 || total
-------------------------+-------+-------+-------++-------
Melee: War axe           |    58 |    67 |   129 ||   254
       Battleaxe         |       |       |   159 ||   159
 Abil: Heal Wounds       |       |     9 |     9 ||    18
  Use: Potion            |       |     1 |       ||     1
       Scroll            |       |       |    12 ||    12
  Eat: Chunk             |       |       |     9 ||     9
Armor: Scale mail        |    25 |    26 |     5 ||    56
       Chain mail        |       |       |   174 ||   174
Dodge: Dodged            |    12 |    27 |   122 ||   161
Block: Shield            |    33 |    49 |    93 ||   175
